 Dungeon Sprint DCSS version 0.18.1-48-g4cf74bf (webtiles) character file.

13129 tyranidshit the Nimble (level 11, -16/131 HPs)
             Began as a Troll Berserker on July 25, 2016.
             Was the Champion of Trog.
             Killed from afar by Frances (49 damage)
             ... with an iron shot
             ... in the Dungeon (Sprint IX: "|||||||||||||||||||||||||||||").
             The game lasted 00:13:44 (1375 turns).

tyranidshit the Nimble (Troll Berserker)            Turns: 1375, Time: 00:13:44

Health: -16/131    AC: 18    Str: 34    XL:     11   Next: 71%
Magic:  10/10      EV: 10    Int:  3    God:    Trog [******]
Gold:   1182       SH:  8    Dex:  9    Spells: 0 memorised, 10 levels left

rFire  . . .     SeeInvis +     t - +8 broad axe "Poalerph" {chop, Str+4}
rCold  + . .     Gourm    +     E - +1 ice dragon armour
rNeg   . . .     Faith    .     F - +0 shield
rPois  .         Spirit   .     (helmet restricted)
rElec  .         Dismiss  .     y - +1 cloak
rCorr  .         Reflect  .     (gloves unavailable)
SustAt .         Harm     .     (boots unavailable)
MR     .....     NoTele   +     (no amulet)
Stlth  ..........               n - +2 ring of protection
                                A - ring of fire

@: very slightly contaminated, hasted, very quick, not resistant to hostile
enchantments, extremely unstealthy
A: unfitting armour, claws 3, molten scales 1, see invisible, fast metabolism 3,
gourmand, regeneration 2, shaggy fur 1, tough skin 2
a: Berserk, Trog's Hand, Brothers in Arms, Burn Spellbooks, Renounce Religion


You were in the Dungeon.
You worshipped Trog.
Trog was exalted by your worship.
You were not hungry.

You visited 1 branch You collected 1537 gold pieces.
You spent 355 gold pieces at shops.

Inventory:

Hand Weapons
 b - the +8 demon blade "Leech" {vamp, rN+ AC-2 EV-2 Str-2 Int-2 Dex-2}
   (You found it in the Dungeon)

   It inflicts no extra harm, but heals its wielder somewhat when it strikes a
   living foe.
   It affects your AC (-2).
   It affects your evasion (-2).
   It affects your strength (-2).
   It affects your intelligence (-2).
   It affects your dexterity (-2).
   It protects you from negative energy.
 t - the +8 broad axe "Poalerph" (weapon) {chop, Str+4}
   (Trog gifted it to you in the Dungeon)

   It inflicts extra damage upon your enemies.
   It affects your strength (+4).
Armour
 y - a +1 cloak (worn)
 D - a +1 fire dragon armour
 E - a +1 ice dragon armour (worn)
 F - a +0 shield (worn)
Jewellery
 m - a +3 ring of dexterity
 n - a +2 ring of protection (right claw)
 x - an uncursed ring of protection from magic
 z - an uncursed ring of protection from magic
 A - a ring of fire (left claw)
Wands
 l - a wand of iceblast (7/15)
Scrolls
 a - 2 scrolls of recharging
 i - 5 scrolls of blinking
 k - 4 scrolls of remove curse
 u - 4 scrolls of enchant weapon
 v - 3 scrolls of fog
 C - a scroll of fear
Potions
 d - 6 potions of curing
 e - a potion of heal wounds
 f - 2 potions of haste
 g - 4 potions of magic
 h - 3 potions of berserk rage
 j - a potion of invisibility
 p - 2 potions of resistance
 q - a potion of cure mutation
 r - 3 potions of brilliance
 s - a potion of might
 B - a potion of agility
Comestibles
 c - 11 bread rations
 o - 40 fruits
 w - 11 meat rations


   Skills:
 - Level 14.3 Fighting
 - Level 14.3 Axes
 + Level 0.0 Armour
 - Level 14.3 Dodging
 + Level 0.0 Shields


You had 10 spell levels left.
You didn't know any spells.

Dungeon Overview and Level Annotations

Branches:
Dungeon (1/1)

Altars:
Cheibriados
Dithmenos
Elyvilon
Fedhas
Gozag
Kikubaaqudgha
Makhleb
Nemelex Xobeh
Okawaru
Pakellas
Qazlal
Ru
Sif Muna
Trog
Vehumet
Xom
Yredelemnul
Zin
The Shining One
Beogh
Jiyva
Lugonu

Shops:
D %!!%

Annotations:
D Frances, Gastronok


Innate Abilities, Weirdness & Mutations

You are too large for most types of armour.
You have claws for hands.
Your metabolism is lightning-fast.
You like to eat raw meat.
You heal very quickly.
You are covered in fur (AC +1).
You have very tough skin (AC +2).
You are partially covered in molten scales (AC +1).
You have supernaturally acute eyesight.


Message History

You swap places.
Frances chants phrases taken from a devil's mouth.
Frances seems to speed up.
You barely miss Frances.
Frances is severely wounded.
Frances barely misses you.
Your shield prevents you from hitting Frances.
Frances is severely wounded.
Frances closely misses you.
You hit Frances.
Frances is severely wounded.
Frances mutters in a terrible tongue.
The shard of ice hits you! You partially resist.
* * * LOW HITPOINT WARNING * * *
You slice Frances!!
Frances is almost dead.
The ynoxinul gestures.
Frances chants phrases taken from a devil's mouth.
The iron shot hits you!
You die...

.................................
▓▓▓▓▓▓▓▓▓▓▓▓▓▓▓▓▓▓▓▓▓▓▓▓▓▓▓▓▓▓▓▓▓
......(†)))[.[...)..)')$$)...))..
▓▓▓▓▓▓▓▓▓▓▓▓▓▓▓▓▓▓▓▓▓▓▓▓▓▓▓▓▓▓▓▓▓
.................................
▓▓▓▓▓▓▓▓▓▓▓▓▓▓▓▓▓▓▓▓▓▓▓▓▓▓▓▓▓▓▓▓▓
...'=....)))))))...[[[[.[[[...)).
▓▓▓▓▓▓▓▓▓▓▓▓▓▓▓▓▓▓▓▓▓▓▓▓▓▓▓▓▓▓▓▓▓
...w33@@T.........).....
▓▓▓▓▓▓▓▓▓▓▓▓▓▓▓▓▓▓▓▓▓▓▓▓


You could see Gastronok, Frances, a neqoxec, a ynoxinul and a friendly troll
(berserk).

Vanquished Creatures
  Wiglaf (D)
  Harold (D)
  An orc high priest (D)
  2 ogre magi (D)
  An ugly thing (D)
  A manticore (D)
  A troll (D)
  2 two-headed ogres (D)
  A wyvern (D)
  A vampire mosquito (D)
  An orc warrior (D)
  A sky beast (D)
  2 ogres (D)
  A centaur (D)
  A hound (D)
  5 orc priests (D)
  An orc wizard (D)
  A worker ant (D)
  A river rat (D)
  A dart slug (D)
  8 orcs (D)
  3 bat zombies (D)
  2 goblins (D)
  A kobold (D)
  A quokka (D)
  A rat (D)
43 creatures vanquished.

Vanquished Creatures (collateral kills)
  An ettin (D)
  A yaktaur captain (D)
  A hydra (D)
  2 vampire magi (D)
  4 ogre magi (D)
  An unseen horror (D)
  2 orc knights (D)
  A lindwurm (D)
  A necromancer (D)
  An ugly thing (D)
  A spiny frog (D)
  A komodo dragon (D)
  A yaktaur (D)
  A two-headed ogre (D)
  3 giant leeches (D)
  A blink frog (D)
  A slime creature (D)
  A vampire (D)
  A yak (D)
  2 hippogriffs (D)
  A mottled dragon (D)
  4 water moccasins (D)
  3 porcupines (D)
  7 orc warriors (D)
  A sky beast (D)
  3 ogres (D)
  2 crocodiles (D)
  A giant frog (D)
  A scorpion (D)
  An orc wizard (D)
  A sheep (D)
  An adder (D)
  A river rat (D)
  An adder skeleton (D)
  4 worms (D)
60 creatures vanquished.

Grand Total: 103 creatures vanquished

Notes
Turn   | Place    | Note
--------------------------------------------------------------
     0 | D        | tyranidshit the Troll Berserker began the quest for the Orb.
     0 | D        | Reached XP level 1. HP: 22/22 MP: 0/0
    14 | D        | Reached ** piety under Trog
    29 | D        | Noticed a centaur
    29 | D        | Noticed a hound
    29 | D        | Noticed an orc wizard
    33 | D        | Reached XP level 2. HP: 31/31 MP: 1/1
    36 | D        | Killed a centaur
    36 | D        | Reached *** piety under Trog
    36 | D        | Reached XP level 3. HP: 40/40 MP: 2/2
    36 | D        | Reached XP level 4. HP: 49/49 MP: 3/3
    47 | D        | Reached skill level 5 in Fighting
    47 | D        | Reached skill level 5 in Axes
    47 | D        | Reached skill level 5 in Dodging
    69 | D        | Reached **** piety under Trog
    69 | D        | Reached XP level 5. HP: 30/57 MP: 4/4
    84 | D        | Found a glowing silver altar of Zin.
    84 | D        | Found a glowing golden altar of the Shining One.
    84 | D        | Found an ancient bone altar of Kikubaaqudgha.
    84 | D        | Found a basalt altar of Yredelemnul.
    84 | D        | Found a shimmering altar of Xom.
    84 | D        | Found a radiant altar of Vehumet.
    85 | D        | Found an iron altar of Okawaru.
    86 | D        | Found a burning altar of Makhleb.
    87 | D        | Found a deep blue altar of Sif Muna.
    88 | D        | Found a bloodstained altar of Trog.
    89 | D        | Found a sparkling altar of Nemelex Xobeh.
    90 | D        | Found a white marble altar of Elyvilon.
    91 | D        | Found a roughly hewn altar of Beogh.
    92 | D        | Found a viscous altar of Jiyva.
    93 | D        | Found a corrupted altar of Lugonu.
    94 | D        | Found a blossoming altar of Fedhas.
    95 | D        | Found a snail-covered altar of Cheibriados.
    96 | D        | Found a shadowy altar of Dithmenos.
    97 | D        | Found a stormy altar of Qazlal.
    98 | D        | Found an opulent altar of Gozag.
    99 | D        | Found a sacrificial altar of Ru.
   100 | D        | Found an oddly glowing altar of Pakellas.
   144 | D        | Noticed a water moccasin
   144 | D        | Noticed a sky beast
   149 | D        | Killed an unseen horror
   149 | D        | Reached XP level 6. HP: 71/71 MP: 5/5
   152 | D        | Killed a water moccasin
   158 | D        | Killed a sky beast
   158 | D        | Reached XP level 7. HP: 63/79 MP: 6/6
   166 | D        | Noticed a slime creature
   166 | D        | Noticed a troll
   170 | D        | Killed a slime creature
   170 | D        | Received a gift from Trog
   172 | D        | Reached ***** piety under Trog
   179 | D        | Killed a troll
   191 | D        | Received a gift from Trog
   330 | D        | Noticed a hippogriff
   330 | D        | Noticed a komodo dragon
   330 | D        | Noticed a yak
   333 | D        | Killed a hippogriff
   333 | D        | Reached XP level 8. HP: 92/92 MP: 7/7
   337 | D        | Killed a komodo dragon
   337 | D        | Received a gift from Trog
   343 | D        | Noticed a blink frog
   343 | D        | Killed a blink frog
   354 | D        | Noticed a spiny frog
   354 | D        | Noticed a seven-headed hydra
   355 | D        | Killed a spiny frog
   355 | D        | Received a gift from Trog
   355 | D        | Reached skill level 10 in Axes
   356 | D        | Reached skill level 10 in Fighting
   356 | D        | Reached skill level 10 in Dodging
   364 | D        | Killed a seven-headed hydra
   364 | D        | Reached XP level 9. HP: 102/102 MP: 2/8
   387 | D        | Noticed a giant leech
   387 | D        | Noticed a giant leech
   387 | D        | Noticed a lindwurm
   390 | D        | Killed a giant leech
   390 | D        | Reached ****** piety under Trog
   390 | D        | Received a gift from Trog
   395 | D        | Killed a giant leech
   399 | D        | Noticed a giant leech
   405 | D        | Killed a lindwurm
   407 | D        | Killed a giant leech
   408 | D        | Received a gift from Trog
   502 | D        | Noticed Harold
   518 | D        | Killed Harold
   611 | D        | Received a gift from Trog
   624 | D        | Got a faintly glowing giant spiked club {god gift}
   625 | D        | Identified the +10 giant spiked club of the Silent Majority {elec, rC- MP-9 Str+8 Int+4} (Trog gifted it to you in the Dungeon)
   649 | D        | Noticed an orc knight
   651 | D        | Noticed an orc knight
   663 | D        | Killed an orc knight
   663 | D        | Reached XP level 10. HP: 115/115 MP: 3/9
   669 | D        | Received a gift from Trog
   671 | D        | Killed an orc knight
   679 | D        | Noticed an orc high priest
   690 | D        | Noticed a rust devil
   690 | D        | Killed an orc high priest
   704 | D        | Found Ravirr's Food Emporium.
   704 | D        | Noticed an ogre mage
   704 | D        | Noticed an ogre mage
   708 | D        | Killed an ogre mage
   708 | D        | Received a gift from Trog
   709 | D        | Got a polished broad axe {god gift}
   710 | D        | Identified the +8 broad axe "Poalerph" {chop, Str+4} (Trog gifted it to you in the Dungeon)
   711 | D        | Killed an ogre mage
   719 | D        | Noticed an ogre mage
   720 | D        | Found Epnouluc's Distillery.
   720 | D        | Noticed an ogre mage
   722 | D        | Found Vubeylob's Distillery.
   725 | D        | Killed an ogre mage
   726 | D        | Killed an ogre mage
   726 | D        | Received a gift from Trog
   739 | D        | Found Pepnistrant's Food Shoppe.
   743 | D        | Noticed an ogre mage
   754 | D        | Reached XP level 11. HP: 124/127 MP: 10/10
   758 | D        | Killed an ogre mage
   777 | D        | Bought 2 potions of mutation for 55 gold pieces
   779 | D        | Bought a potion of resistance for 100 gold pieces
   779 | D        | Bought 2 potions of haste for 200 gold pieces
   791 | D        | Gained mutation: You have sharp toenails. [potion of mutation]
   791 | D        | Gained mutation: Potions and wands are less effective at restoring your health. [potion of mutation]
   792 | D        | Gained mutation: You have supernaturally acute eyesight. [potion of mutation]
   792 | D        | Gained mutation: You have razor-sharp toenails. [potion of mutation]
   792 | D        | Gained mutation: You are partially covered in molten scales (AC +1). [potion of mutation]
   793 | D        | Lost mutation: You have razor-sharp toenails. [potion of cure mutation]
   793 | D        | Lost mutation: Potions and wands are less effective at restoring your health. [potion of cure mutation]
   793 | D        | Lost mutation: You have sharp toenails. [potion of cure mutation]
  1115 | D        | Noticed a red ugly thing
  1115 | D        | Noticed a red ugly thing
  1121 | D        | Noticed a yaktaur captain
  1129 | D        | Received a gift from Trog
  1132 | D        | Noticed a vampire mage
  1135 | D        | Killed a green ugly thing
  1142 | D        | Killed a brown ugly thing
  1144 | D        | Killed a yaktaur captain
  1156 | D        | Noticed a necromancer
  1158 | D        | Killed a vampire mage
  1158 | D        | Received a gift from Trog
  1160 | D        | Killed a necromancer
  1171 | D        | Noticed an ettin
  1172 | D        | Noticed a vampire mage
  1184 | D        | Killed an ettin
  1188 | D        | Noticed an ogre mage
  1198 | D        | Killed a vampire mage
  1205 | D        | Killed an ogre mage
  1205 | D        | Received a gift from Trog
  1276 | D        | Noticed Wiglaf
  1295 | D        | Killed Wiglaf
  1360 | D        | Noticed Frances
  1361 | D        | Noticed Gastronok
  1375 | D        | Killed from afar by Frances

Skill      XL: |  1  2  3  4  5  6  7  8  9 10 11 |
---------------+----------------------------------+-----
Fighting       | 3 4 5 7 9 10 11 13 14 | 14.3
Axes           | 3 4 5 7 9 10 11 13 14 | 14.3
Dodging        | 3 4 5 7 9 10 11 13 14 | 14.3

Action                   |  1- 3 |  4- 6 |  7- 9 | 10-12 || total
-------------------------+-------+-------+-------+-------++-------
Melee: Hand axe          |    17 |    26 |       |       ||    43
       War axe           |       |     2 |    13 |       ||    15
       Battleaxe         |       |       |    37 |     7 ||    44
       Broad axe         |       |       |       |    56 ||    56
Invok: Berserk           |     1 |       |     2 |     1 ||     4
       Trog's Hand       |     1 |       |       |       ||     1
       Brothers in Arms  |       |     1 |     5 |     5 ||    11
  Use: Scroll            |       |       |     1 |       ||     1
       Potion            |       |       |       |     6 ||     6
  Eat: Bread ration      |       |       |     2 |     1 ||     3
       Meat ration       |       |       |       |     1 ||     1
Armor: Animal skin       |     7 |    13 |    12 |     2 ||    34
       Ice dragon armour |       |       |       |    12 ||    12
Dodge: Dodged            |    12 |    21 |    30 |    31 ||    94
